 Dungeon Crawl Stone Soup version 0.28-a0-1038-g9c4cb8273d (webtiles) character file.

Game seed: 13828018759500270090

2530 1994 the Fighter (level 9, 0/96 HPs)
             Began as an Ogre Cinder Acolyte on Dec 8, 2021.
             Was a High Priest of Ignis.
             Slain by a green ugly thing (1 damage)
             ... on level 7 of the Dungeon.
             The game lasted 00:17:19 (8231 turns).

1994 the Fighter (Ogre Cinder Acolyte)              Turns: 8231, Time: 00:17:20

Health: 0/96       AC:  4    Str: 20    XL:     9   Next: 54%
Magic:  4/15       EV:  9    Int: 15    God:    Ignis [*****.]
Gold:   291        SH:  0    Dex:  8    Spells: 14/16 levels left

rFire   + . .      SeeInvis .   a - +3 whip
rCold   + . .      Faith    .   (no shield)
rNeg    . . .      Spirit   .   y - +0 robe {rC+}
rPois   .          Reflect  .   (helmet restricted)
rElec   .          Harm     .   i - +0 cloak
rCorr   .          Rampage  .   (gloves unavailable)
Will    .....                   (boots unavailable)
Stlth   +.........              (no amulet)
HPRegen 0.26/turn               (no ring)
MPRegen 0.14/turn               (no ring)

@: lethally poisoned (0 -> -18)
A: large, unfitting armour, tough skin 1
a: Renounce Religion, Fiery Armour, Foxfire Swarm, Rising Flame


You were on level 7 of the Dungeon.
You worshipped Ignis.
Ignis was extremely pleased with you.
You visited 2 branches of the dungeon, and saw 8 of its levels.

You collected 311 gold pieces.
You spent 20 gold pieces at shops.

Inventory:

Hand Weapons
 a - a +3 whip (weapon)
 b - a +0 hand axe of electrocution
 d - a +0 giant spiked club
 x - a -1 mace of flaming
Missiles
 m - 25 poisoned darts (quivered)
 o - 201 stones
 C - 2 javelins
Armour
 i - a +0 cloak (worn)
 y - a +0 robe of cold resistance (worn)
Wands
 u - a wand of charming (6)
 A - a wand of flame (17)
Scrolls
 c - a scroll of blinking {unknown}
 e - a scroll of immolation {unknown}
 l - 2 scrolls of summoning
 n - a scroll of holy word {unknown}
 p - a scroll of acquirement {unknown}
 r - a scroll of fear
 s - a scroll of enchant armour {unknown}
 w - a scroll of brand weapon {unknown}
Potions
 g - a potion of brilliance
 h - a potion of heal wounds
 j - 2 potions of lignification {unknown}
 q - a potion of attraction {unknown}
 t - a potion of mutation {unknown}
 v - a potion of might {unknown}
 z - a potion of haste {unknown}
 B - a potion of cancellation {unknown}


   Skills:
 + Level 8.2 Fighting
 * Level 7.7 Maces & Flails
 * Level 5.6 Throwing
 - Level 2.0 Dodging
 - Level 4.1 Spellcasting
 - Level 4.3 Fire Magic


You had 14 spell levels left.
You knew the following spells:

 Your Spells              Type           Power      Damage    Failure   Level
a - Scorch                Fire           30%        2d7       4%          2

Your spell library contained the following spells:

 Spells                   Type           Power      Damage    Failure   Level
 Apportation              Tloc           6%         N/A       19%         1
 Ensorcelled Hibernation  Hex/Ice        6%         N/A       26%         2
 Gell's Gravitas          Tloc           3%         N/A       47%         3
 Dispersal                Tloc           1%         N/A       100%        6
 Malign Gateway           Summ/Tloc      1%         N/A       100%        7


Dungeon Overview and Level Annotations

Branches:
Dungeon (7/15)             Temple (1/1) D:6

Altars:
Cheibriados
Xom

Shops:
D:1 (*[


Innate Abilities, Weirdness & Mutations

You are too large for most types of armour.
You have tough skin. (AC +1)


Message History

The orc warrior is moderately wounded.
You feel very sick.
The green ugly thing closely misses you.
The orc warrior hits you from afar with a +0 trident!
Unknown command.
Unknown command.
You feel very sick.
You see here a +0 short sword.
Casting: Scorch (safe; 4% risk of failure)
Confirm with . or Enter, or press ? or * to list all spells.
Flames lash the five-headed hydra.
The five-headed hydra is lightly wounded.
The five-headed hydra's fire resistance burns away.
You feel sick.
The orc warrior is no longer more vulnerable to fire.
The green ugly thing claws you!
* * * LOW HITPOINT WARNING * * *
You are lethally poisoned!
The green ugly thing poisons you!
The orc warrior hits you from afar with a +0 trident!
* * * LOW HITPOINT WARNING * * *
You feel better. The green ugly thing barely misses you.
The orc warrior hits you from afar with a +0 trident.
* * * LOW HITPOINT WARNING * * *
Okay, then.
You whack the green ugly thing!
The green ugly thing is severely wounded.
The green ugly thing claws you!
* * * LOW HITPOINT WARNING * * *
You are lethally poisoned!
The green ugly thing poisons you! The orc warrior barely misses you.
Unknown command.
Unknown command.
You barely miss the green ugly thing.
The green ugly thing is severely wounded.
* * * LOW HITPOINT WARNING * * *
You feel very sick.
The five-headed hydra is no longer more vulnerable to fire.
The green ugly thing claws you.
You die...

# # ##### ######## ######<...
#########.....D#########....#####
........'.....ou@)))........+....
#########......##.######....#####
#......##.# #....##...
#......##.# #....##.##
#########.# ####....#. #+#
###.####. #...# #. ##'### #.
#....####.


You could see a five-headed hydra, a green ugly thing and an orc warrior.

Vanquished Creatures
  Grinder (D:6)
  4 ice beasts
  A sky beast (D:6)
  3 ogres
  A necrophage (D:7)
  A centaur (D:6)
  2 phantoms
  A kobold brigand (D:7)
  2 scorpions
  A water moccasin zombie (D:5)
  2 howler monkeys (D:6)
  2 centaur zombies
  A bullfrog zombie (D:5)
  An orc priest (D:4)
  A centaur skeleton (D:4)
  2 hounds (D:4)
  An iguana (D:5)
  Ijyb (D:5)
  2 orc wizards
  10 adders
  A gnoll (D:1)
  A worm (D:5)
  2 dart slugs
  13 orcs
  4 bats
  3 endoplasms
  A giant cockroach (D:1)
  5 goblins
  3 hobgoblins
  4 quokkas
  5 ball pythons
  5 frilled lizards
  10 kobolds
  8 rats
105 creatures vanquished.

Vanquished Creatures (collateral kills)
  A troll (D:6)
1 creature vanquished.

Grand Total: 106 creatures vanquished

Notes
Turn   | Place    | Note
-------+----------+-------------------------------------------
     0 | D:1      | 1994 the Ogre Cinder Acolyte began the quest for the Orb.
     0 | D:1      | Reached XP level 1. HP: 24/24 MP: 2/2
    71 | D:1      | Noticed a great orb of eyes
    72 | D:1      | Found a faded altar of an unknown god.
   126 | D:1      | Noticed a golden eye
   445 | D:1      | Reached XP level 2. HP: 32/32 MP: 2/4
   493 | D:1      | Found Cehuem's Armour Shop.
   520 | D:1      | Noticed a golden eye
   524 | D:1      | Noticed a floating eye
   588 | D:1      | Found Ulurgh's Assorted Antiques.
   603 | D:1      | Bought a glowing pink potion for 20 gold pieces
   746 | D:1      | Reached XP level 3. HP: 31/39 MP: 5/5
   808 | D:1      | Learned a level 2 spell: Scorch
   808 | D:1      | Found Maulat's Antique Weapon Emporium.
  2331 | D:3      | Reached XP level 4. HP: 49/49 MP: 2/7
  2556 | D:3      | Reached skill level 1 in Dodging
  3468 | D:4      | Reached XP level 5. HP: 55/55 MP: 3/8
  3820 | D:4      | Reached skill level 5 in Fighting
  3820 | D:4      | Reached XP level 6. HP: 57/66 MP: 0/10
  4175 | D:5      | Entered Level 5 of the Dungeon
  4176 | D:5      | Noticed Ijyb
  4482 | D:5      | Killed Ijyb
  4586 | D:5      | Reached XP level 7. HP: 64/72 MP: 0/11
  5133 | D:5      | Reached skill level 5 in Maces & Flails
  5259 | D:5      | Reached skill level 6 in Fighting
  5386 | D:5      | Got the Volume of Beguiling and the Compass
  5479 | D:5      | Found a snail-covered altar of Cheibriados.
  5482 | D:5      | Found a shimmering altar of Xom.
  5485 | D:5      | Reached XP level 8. HP: 77/83 MP: 11/14
  5635 | D:4      | Reached skill level 1 in Throwing
  6335 | D:6      | Reached skill level 7 in Fighting
  6461 | D:6      | Noticed Grinder
  6483 | D:6      | Killed Grinder
  6583 | D:6      | Reached XP level 9. HP: 49/93 MP: 8/15
  7260 | D:6      | Found a staircase to the Ecumenical Temple.
  7348 | D:6      | Noticed a troll
  7357 | D:6      | Killed a troll
  7358 | D:6      | Reached skill level 8 in Fighting
  7358 | D:6      | Reached skill level 5 in Throwing
  7640 | Temple   | Entered the Ecumenical Temple
  8189 | D:7      | Noticed a green ugly thing
  8222 | D:7      | Noticed a five-headed hydra
  8230 | D:7      | HP: 4/96 [green ugly thing (10)]
  8231 | D:7      | HP: 1/96 [poisoned by a green ugly thing]
  8231 | D:7      | Slain by a green ugly thing

Illustrated notes

Levels and vault maps discovered:
D:1:      lightli_arrival_noodles, layout_loops_ring,
          hellmonk_ecumenical_altar_watching_god, serial_shops,
          nicolae_shop_hallway_stairs, nicolae_shop_stone, shop,
          serial_co_window_serial, co_window_of_opportunity_a,
          co_window_paths_b, co_window_paths_b, co_window_paths_b,
          co_window_paths_a, co_window_broadway_a, co_window_broadway_a,
          co_window_unsneaky_path_e, glass_columns_c, glass_columns_c,
          glass_columns_b
D:2:      layout_loops_corners
D:3:      layout_basic
D:4:      layout_basic, kennysheep_generic_room_12
D:5:      layout_cave_pools, nicolae_overflow_squiral, kennysheep_nub, uniq_ijyb
D:6:      layout_loops_ring, minmay_temple_entry_large_hall, uniq_grinder
D:7:      minmay_cornered_nines, layout_basic, uniq_pikel
Temple:   mainiacjoe_temple_coin_purse

Skill      XL: |  1  2  3  4  5  6  7  8  9 |
---------------+----------------------------+-----
Maces & Flails | 3 4 5 6 7 |  7.7
Fire Magic     | 3 4 |  4.3
Spellcasting   | 2 3 4 |  4.1
Dodging        | 1 2 |  2.0
Fighting       | 5 6 7 8 |  8.2
Throwing       | 4 5 |  5.6

Action                   |  1- 3 |  4- 6 |  7- 9 || total
-------------------------+-------+-------+-------++-------
Melee: Mace              |     9 |       |       ||     9
       Whip              |    68 |    85 |   114 ||   267
       Giant spiked club |       |       |     7 ||     7
 Cast: Scorch            |     2 |    37 |    81 ||   120
Invok: Fiery Armour      |     1 |       |       ||     1
Evoke: Wand              |       |       |     3 ||     3
  Use: Scroll            |     3 |     1 |     4 ||     8
       Potion            |       |       |     1 ||     1
Armor: Robe              |    35 |    22 |    76 ||   133
Dodge: Dodged            |    36 |    56 |    86 ||   178

Table legend: (Time is in decaauts)
 A = Elapsed time spent in this place.
 B = Non-inter-level travel time spent in this place.
 C = Inter-level travel time spent in this place.
 D = Time resting spent in this place.
 E = Time spent auto-exploring this place.
 F = Levels seen in this place.
 G = Mean time per level.
                   A        B        C        D        E       F      G
               +--------+--------+--------+--------+--------+-----+--------+
         Total |   8205 |   7986 |    219 |   3016 |   3240 |   8 | 1025.6 |
       Dungeon |   8203 |   7984 |    219 |   3016 |   3240 |   7 | 1171.9 |
        Temple |      1 |      1 |      0 |      0 |      0 |   1 |    1.0 |
               +--------+--------+--------+--------+--------+-----+--------+

Top non-repeatable levels by time:
     D:4: 1764 daAuts
     D:6: 1648 daAuts
     D:1: 1392 daAuts
     D:3: 1120 daAuts
     D:5: 1007 daAuts
     D:2: 864 daAuts
     D:7: 406 daAuts
  Temple: 1 daAuts
